Map: Ruby Rock LE

Players

HoldTheDoor

  • Race: Protoss Protoss
  • League: Diamond
  • Spawn Location: 5:00

UrukHay - Winner!

  • Race: Protoss Protoss
  • League: Diamond
  • Spawn Location: 11:00

VOD

Have the link to the VOD?

Description

Time

  • Played on: May 1, 2026, 10:53 a.m.
  • Length: 10:33
Show
View Real Time Build Order
Export as new Build Order

HoldTheDoor Protoss 

Build Orders: Phoenix Opening 

Get SALT Encoding   

  12  0:00  Probe  
  13  0:12  Probe  
  14  0:18  Pylon  
  14  0:23  Probe  
  15  0:32  Probe  
  15  0:39  Gateway  
  15  0:40  Probe  
  16  0:49  Assimilator  
  17  0:51  Probe  
  18  0:59  Assimilator  
  18  1:03  Assimilator  
  18  1:04  Probe  
  19  1:16  Probe  
  20  1:22  Gateway  
  20  1:32  Probe  
  21  1:34  Cybernetics Core  
  21  1:44  Probe, Pylon  
  22  1:56  Probe  
  23  2:08  Stalker x2, Probe  
  28  2:17  Warp Gate  
  28  2:20  Probe  
  29  2:32  Probe  
  30  2:41  Pylon  
  30  2:45  Probe  
  30  2:47  Stargate  
  31  2:59  Probe  
  32  3:11  Probe  
  33  3:23  Probe  
  32  3:27  Phoenix  
  31  3:46  Probe  
  32  3:58  Phoenix  
  34  4:11  Nexus  
  34  4:13  Probe, Pylon  
  34  4:15  Pylon  
  35  4:21  Stalker  
  35  4:22  Sentry  
  39  4:31  Probe  
  40  4:44  Probe  
  41  4:56  Probe  
  42  5:07  Nexus, Shield Battery  
  42  5:08  Probe, Pylon  
  43  5:16  Protoss Air Weapons Level 1  
  43  5:18  Robotics Facility  
  43  5:25  Forge  
  43  5:28  Probe  
  44  5:33  Probe  
  45  5:40  Probe  
  46  5:44  Assimilator  
  46  5:47  Assimilator  
  46  5:50  Stalker  
  46  5:51  Stalker  
  50  5:57  Probe  
  50  6:02  Photon Cannon  
  51  6:09  Probe x2  
  51  6:10  Photon Cannon  
  53  6:19  Probe, Pylon  
  53  6:21  Probe  
  55  6:31  Fleet Beacon  
  55  6:35  Pylon  
  55  6:39  Shield Battery  
  55  6:43  Observer  
  55  6:46  Probe  
  57  6:47  Probe  
  57  6:50  Probe  
  59  6:54  Photon Cannon  
  59  6:55  Sentry  
  61  7:03  Stalker  
  61  7:05  Probe  
  61  7:06  Probe  
  61  7:07  Probe  
  66  7:17  Probe  
  66  7:19  Probe  
  68  7:27  Probe  
  69  7:33  Immortal  
  69  7:34  Zealot x2  
  69  7:35  Carrier  
  69  7:36  Probe x2  
  74  7:39  Probe  
  80  7:59  Pylon, Stalker  
  80  8:00  Stalker  
  80  8:02  Shield Battery x2  
  84  8:21  Gateway  
  84  8:22  Gateway  
  84  8:23  Stalker x2  
  88  8:27  Protoss Ground Armor Level 1  
  88  8:29  Protoss Air Armor Level 1  
  88  8:33  Carrier  
  94  8:56  Pylon  
  94  8:58  Pylon  
  94  9:01  Pylon  
  94  9:14  Probe x2, Immortal  
  100  9:20  Nexus  
  100  9:22  Pylon  
  100  9:35  Twilight Council  
  100  9:36  Pylon  
  100  9:41  Pylon  
  106  9:50  Probe  
  106  9:51  Probe  
  108  9:59  Observer  
  108  10:00  Photon Cannon  
  108  10:03  Probe  
  97  10:22  Zealot x2  
  97  10:23  Zealot x2  
Show
View Real Time Build Order
Export as new Build Order

UrukHay Protoss - Winner!

Build Orders: Zealot Archon 

Get SALT Encoding   

  12  0:00  Probe  
  13  0:12  Probe  
  14  0:17  Pylon  
  14  0:24  Probe  
  15  0:34  Probe  
  15  0:36  Gateway  
  16  0:43  Probe  
  17  0:52  Probe  
  17  0:55  Assimilator  
  18  1:08  Probe  
  18  1:11  Gateway  
  19  1:20  Probe  
  19  1:24  Zealot  
  22  1:28  Pylon  
  22  1:32  Probe  
  23  1:40  Cybernetics Core  
  23  1:46  Probe  
  24  1:53  Pylon  
  24  2:03  Probe  
  24  2:06  Warp Gate  
  25  2:18  Adept x2  
  25  2:21  Assimilator  
  29  2:23  Probe  
  29  2:29  Pylon  
  30  2:35  Probe  
  31  2:40  Shield Battery  
  31  2:47  Probe  
  32  2:59  Probe  
  32  3:03  Shield Battery  
  33  3:11  Probe, Stalker  
  36  3:23  Probe  
  37  3:35  Probe  
  37  3:41  Stalker x2  
  36  3:46  Probe  
  39  3:51  Nexus  
  39  4:03  Pylon  
  39  4:17  Gateway  
  39  4:21  Probe  
  40  4:29  Pylon  
  40  4:33  Probe  
  40  4:38  Stalker  
  43  4:39  Stalker  
  45  4:45  Probe  
  46  4:54  Twilight Council  
  46  5:00  Robotics Facility, Probe  
  47  5:07  Assimilator  
  47  5:08  Probe  
  47  5:11  Assimilator  
  47  5:13  Probe  
  49  5:15  Sentry  
  49  5:16  Stalker  
  49  5:19  Stalker  
  49  5:20  Probe  
  56  5:26  Probe  
  57  5:32  Probe  
  57  5:33  Templar Archives  
  58  5:41  Gateway, Probe  
  58  5:42  Gateway  
  59  5:55  Blink  
  59  5:58  Stalker x2  
  59  5:59  Stalker  
  65  6:05  Probe  
  65  6:06  Probe, Observer  
  68  6:15  Pylon  
  68  6:18  Pylon  
  68  6:19  Probe  
  68  6:20  Probe  
  68  6:23  Pylon  
  70  6:39  Gateway  
  70  6:45  Gateway, High Templar x3  
  76  6:58  High Templar  
  76  6:59  Zealot  
  80  7:10  Gateway  
  80  7:11  Pylon  
  80  7:13  Pylon  
  80  7:22  Stalker x3  
  86  7:25  Nexus  
  86  7:28  Pylon  
  86  7:37  Archon x2  
  86  8:08  Charge  
  86  8:10  Zealot x2  
  86  8:12  High Templar x4  
  98  8:14  Zealot x2  
  102  8:25  Forge  
  102  8:26  Forge  
  102  8:37  Archon  
  102  8:38  Archon  
  102  8:42  Probe x2  
  102  8:47  Robotics Facility  
  102  8:48  Robotics Facility  
  104  8:50  Pylon  
  104  8:58  Gateway  
  104  8:59  Gateway  
  104  9:09  Immortal, Stalker  
  106  9:10  Stalker x4  
  106  9:12  Zealot x3  
  124  9:30  Probe x2  
  126  9:38  Immortal  
  126  9:42  Probe x2  
  128  9:49  High Templar  
  134  9:56  Pylon  
  134  9:57  Pylon  
  134  10:00  Pylon  
Tags
 
Composition
Zealot Archon
Matchup
PvP
Replay Pack
SC2Mai2026
Spawn Locations
Cross Positions
Add a new tag
Caveats
  • Supply blocks, unpowered buildings, or Contaminate may cause inaccurate times.
  • Supply counts are checked every 10 seconds.